 Dungeon Crawl Stone Soup version 0.14.1 (webtiles) character file.

361 Heini the Skirmisher (level 5, -6/48 HPs)
             Began as a Hill Orc Fighter on Apr 29, 2014.
             Mangled by an iguana (7 damage)
             ... on Level 4 of the Dungeon.
             The game lasted 00:08:09 (3025 turns).

Heini the Skirmisher (Hill Orc Fighter)             Turns: 3025, Time: 00:08:09

HP  -6/48        AC  8     Str 20      XL: 5   Next: 46%
MP   5/5         EV  6     Int  8      God:
Gold 196         SH 18     Dex 10      Spells:  0 memorised,  4 levels left

rFire  + . .     SeeInvis .     A - +0 war axe
rCold  + . .     Clarity  .     b - +0 scale mail
rNeg   . . .     Conserve .     c - +0 shield
rPois  +         rCorr    +     (no helmet)
rElec  +         rRot     .     y - +0 cloak
SustAb . .       Spirit   .     (no gloves)
rMut   .         Warding  .     (no boots)
Saprov + . .     Stasis   .     q - amulet of resist corrosion
MR     .....                    (no ring)
                                (no ring)

@: not resistant to hostile enchantments, extremely unstealthy
A: saprovore 1
a: no special abilities


You were on level 4 of the Dungeon.
You were not hungry.

You visited 1 branch of the dungeon, and saw 4 of its levels.

You collected 196 gold pieces.

Inventory:

Hand weapons
 A - a +0,+0 war axe (weapon)
Armour
 b - a +0 scale mail (worn)
 c - a +0 shield (worn)
 y - a +0 cloak (worn)
Magical devices
 m - a wand of random effects (11) {unknown}
Comestibles
 d - a meat ration
 j - a sausage
 k - a slice of pizza
 p - 2 bread rations
 s - 11 sultanas
 t - a choko
 v - an orange
Scrolls
 g - a scroll of enchant weapon I {unknown}
 r - a scroll of remove curse
Jewellery
 q - an amulet of resist corrosion (around neck)
 u - an uncursed amulet of the gourmand {unknown}
Potions
 e - a potion of might
 f - 2 potions of magic
 h - a potion of curing
 i - a potion of restore abilities {unknown}
 l - 2 potions of flight
 o - a potion of heal wounds {unknown}


   Skills:
 * Level 5.2 Fighting
 * Level 4.4 Axes
 * Level 4.6 Armour
 - Level 3.2 Shields


You had 4 spell levels left.
You didn't know any spells.

Dungeon Overview and Level Annotations

Branches:
Dungeon (4/15)
 Temple: D:4-7

Altars:
Cheibriados
Trog


Innate Abilities, Weirdness & Mutations

You can tolerate rotten meat.


Message History

* * * LOW HITPOINT WARNING * * *
The iguana bites you.
* * * LOW HITPOINT WARNING * * *
The iguana barely misses you. The iguana bites you.
* * * LOW HITPOINT WARNING * * *
There is a stone staircase leading up here.
Drink which item? (? for menu, Esc to quit)
You feel better.
It was a potion of curing.
The iguana bites you!
* * * LOW HITPOINT WARNING * * *
Drink which item? (? for menu, Esc to quit)
You feel protected.
It was a potion of resistance.
You block the iguana's attack.
You closely miss the iguana.
The iguana bites you but does no damage.
You barely miss the iguana. The iguana bites you.
* * * LOW HITPOINT WARNING * * *
You block the iguana's attack. The iguana bites you!
You die...

## .# ####+##.# #.#
#.......#...
#..........
#......#######
#.####............###
#.......$............
#######@#.#..#..#.###
#l#.#..#..# #l.....#
.# #.#.#..# .#
#.#.#.## # ###.#.#
#.#.# #.#.# #.#.#


You could see 2 iguanas.

Vanquished Creatures
  Jessica (D:2)
  A scorpion zombie (D:3)
  5 adders
  A giant gecko (D:2)
  An ooze (D:1)
  5 orcs (D:3)
  9 bats
  9 goblins
  13 hobgoblins
  9 jackals
  A quokka (D:3)
  5 giant cockroaches
  6 giant newts
  5 kobolds
  14 rats
85 creatures vanquished.

Notes
Turn   | Place    | Note
--------------------------------------------------------------
     0 | D:1      | Heini, the Hill Orc Fighter, began the quest for the Orb.
     0 | D:1      | Reached XP level 1. HP: 19/19 MP: 1/1
   169 | D:1      | Reached skill level 4 in Fighting
   169 | D:1      | Reached XP level 2. HP: 20/27 MP: 2/2
   449 | D:1      | Reached XP level 3. HP: 33/33 MP: 3/3
   790 | D:2      | Noticed Jessica
   806 | D:2      | Killed Jessica
  1399 | D:2      | Reached XP level 4. HP: 39/41 MP: 4/4
  1545 | D:2      | Found a snail-covered altar of Cheibriados.
  2108 | D:3      | Reached skill level 5 in Fighting
  2119 | D:3      | Reached XP level 5. HP: 35/48 MP: 5/5
  2532 | D:3      | Noticed a moth of wrath
  2535 | D:3      | Found a bloodstained altar of Trog.
  3024 | D:4      | HP: 1/48 [iguana (4)]
  3025 | D:4      | Mangled by an iguana

Action                   |  1- 3 |  4- 6 || total
-------------------------+-------+-------++-------
Melee: War axe           |   118 |   182 ||   300
  Use: Scroll            |     5 |     6 ||    11
       Potion            |       |     2 ||     2
